 Dungeon Crawl Stone Soup version 0.30-a0-782-ge64f9170bb (webtiles) character file.

Game seed: 4526622675086268024

16054 mopl the Carver (level 12, -2/94 HPs)
             Began as a Merfolk Warper on Mar 6, 2023.
             Was a High Priest of Okawaru.
             Slain by a black mamba (10 damage)
             ... on level 1 of the Lair of Beasts.
             The game lasted 00:38:26 (13441 turns).

mopl the Carver (Merfolk Warper)                   Turns: 13441, Time: 00:38:27

Health: -2/94      AC: 13    Str: 15    XL:     12   Next: 33%
Magic:  20/22      EV: 18    Int: 14    God:    Okawaru [*****.]
Gold:   685        SH:  8    Dex: 13    Spells: 1/24 levels left

rFire   . . .      SeeInvis .    a - +1 scimitar (flame)
rCold   . . .      Faith    .    G - +0 buckler
rNeg    . . .      Spirit   .    T - +0 troll leather armour
rPois   .          Reflect  +    A - +2 hat
rElec   .          Harm     .    j - +0 cloak
rCorr   .          Rampage  .    F - +0 pair of gloves
Will    .....                    i - +0 pair of boots
Stlth   +                        O - amulet of reflection
HPRegen 1.15/turn                m - +5 ring of evasion
MPRegen 0.18/turn                R - +4 ring of protection

@: on blink cooldown
A: (nimble swimmer 2), mertail
a: Renounce Religion, Heroism, Finesse, Duel


You were on level 1 of the Lair of Beasts.
You worshipped Okawaru.
Okawaru was extremely pleased with you.
You visited 2 branches of the dungeon, and saw 13 of its levels.
You also visited: Ossuary.

You collected 685 gold pieces.

Inventory:

Hand Weapons
 a - a +1 scimitar of flaming (weapon)
 b - a +4 dagger of freezing
 S - a +0 dagger of venom
Missiles
 d - 7 boomerangs of dispersal
 e - 2 throwing nets
 p - 6 poisoned darts
 y - 6 boomerangs
 E - 4 atropa-tipped darts
 H - 2 javelins
Armour
 i - a +0 pair of boots (worn)
 j - a +0 cloak (worn)
 r - a +0 kite shield
 v - the +1 robe of Space {rElec Slay+3}
   (You found it on level 3 of the Dungeon)

   Slay:      It affects your accuracy & damage with ranged weapons and melee
   (+3).
   rElec:     It insulates you from electricity.
 A - a +2 hat (worn)
 B - a +2 chain mail of poison resistance
 F - a +0 pair of gloves (worn)
 G - a +0 buckler (worn)
 T - a +0 troll leather armour (worn)
Jewellery
 m - a +5 ring of evasion (left hand)
 O - an amulet of reflection (around neck)
 R - a +4 ring of protection (right hand)
 Y - a ring of see invisible
Wands
 M - a wand of flame (6)
 V - a wand of paralysis (6)
 W - a wand of roots (6)
 Z - a wand of digging (4)
Scrolls
 c - 3 scrolls of blinking
 h - 4 scrolls of vulnerability {unknown}
 k - 2 scrolls of enchant armour {unknown}
 n - 7 scrolls of magic mapping {unknown}
 o - 3 scrolls of fear {unknown}
 s - 7 scrolls of teleportation
 t - 3 scrolls of immolation {unknown}
 x - 3 scrolls of enchant weapon {unknown}
 C - 2 scrolls of amnesia {unknown}
 I - a scroll of brand weapon {unknown}
 K - a scroll of fog {unknown}
 L - a scroll of acquirement {unknown}
 U - 2 scrolls of noise {unknown}
Potions
 f - 3 potions of brilliance
 g - 3 potions of haste
 l - 6 potions of heal wounds
 q - 7 potions of curing
 u - 5 potions of flight
 w - 2 potions of might
 z - 2 potions of attraction
 D - 3 potions of ambrosia
 J - a potion of lignification {!q}
 X - a potion of cancellation


   Skills:
 + Level 8.6 Fighting
 * Level 13.1 Long Blades
 - Level 1.0 Throwing
 + Level 3.1 Armour
 + Level 6.4 Dodging
 + Level 6.8 Spellcasting
 + Level 6.8 Translocations
 + Level 4.4 Air Magic
 + Level 7.1 Invocations


You had one spell level left.
You knew the following spells:

 Your Spells              Type           Power      Damage    Failure   Level
a - Vhi's Electric Charg  Tloc/Air       40%        N/A       7%          3
b - Lesser Beckoning      Tloc           46%        N/A       2%          2
c - Manifold Assault      Tloc           23%        N/A       14%         4
e - Blink                 Tloc           46%        N/A       2%          2
f - Portal Projectile     Hex/Tloc       28%        N/A       19%         3
g - Gell's Gravitas       Tloc           23%        N/A       4%          3
n - Swiftness             Air            17%        N/A       12%         3
t - Teleport Other        Tloc           23%        N/A       4%          3

Your spell library contained the following spells:

 Spells                   Type           Power      Damage    Failure   Level
 Apportation              Tloc           46%        N/A       1%          1
 Necrotise                Necr           16%        1d4       24%         1
 Sandblast                Erth           8%         2d5       24%         1
 Kindle Blastsparks       Fire/Tloc/Air  30%        2d12      16%         3
 Ensorcelled Hibernation  Hex/Ice        8%         N/A       36%         2
 Passwall                 Tmut/Erth      3%         N/A       36%         2
 Iskenderun's Mystic Bla  Conj/Tloc      14%        2d5       52%         4
 Inner Flame              Hex/Fire       4%         N/A       58%         3
 Stone Arrow              Conj/Erth      8%         3d7       58%         3
 Cause Fear               Hex            2%         N/A       94%         4
 Fulminant Prism          Conj/Hex       2%         3d5       94%         4
 Alistair's Intoxication  Tmut/Pois      2%         N/A       100%        5
 Blade Hands              Tmut           2%         N/A       100%        5
 Borgnjor's Vile Clutch   Necr/Erth      2%         N/A       100%        5
 Lee's Rapid Deconstruct  Erth           2%         3d4*      100%        5
 Eringya's Noxious Bog    Tmut/Pois      2%         N/A       100%        6
 Discord                  Hex            2%         N/A       100%        8
 Summon Small Mammal      Summ           Unusable   N/A       N/A         1
 Tukima's Dance           Hex            Unusable   N/A       N/A         3

Dungeon Overview and Level Annotations

Branches:
Dungeon (11/15)            Temple (0/1) D:6            Lair (2/5) D:11
Ossuary (visited)
  Swamp: Lair:2-3    Shoals: Lair:2-3     Snake: Lair:2-3    Spider: Lair:2-3
    Orc: D:9-12

Altars:
Dithmenos
Fedhas
Hepliaklqana
Makhleb
Okawaru
Sif Muna
Trog
Wu Jian
Yredelemnul

Annotations:
D:5 2 runed translucent doors, Crazy Yiuf; LowRida's ghost, weakling OgDe


Innate Abilities, Weirdness & Mutations

((You are very nimble when in or above water. (Stealth+, EV+, Speed+++)))
Your lower body shifts to a powerful aquatic tail in water.


Message History

Okay, then.
Aiming: Fastroot
Press: ? - help, Shift-Dir - straight line, f - black mamba
Aim: a black mamba The roots erupt in riotous growth!
Roots grab the black mamba.
Roots grab the swamp worm. x2
The grasping roots constrict the swamp worm. x2
The grasping roots constrict the black mamba.
You block the black mamba's attack. The swamp worm completely misses you.
The black mamba bites you.
Unknown command.
Unknown command.
You completely miss the swamp worm.
The swamp worm is moderately wounded.
The grasping roots constrict the swamp worm. x2
The grasping roots constrict the black mamba.
The roots release their grip on the black mamba.
The black mamba completely misses you. The swamp worm bites you!
* * * LOW HITPOINT WARNING * * *
You hit the swamp worm. You burn the swamp worm.
The swamp worm is heavily wounded.
The grasping roots constrict the swamp worm. x2
The roots release their grip on the swamp worm. x2
You block the black mamba's attack. The swamp worm bites you!
* * * LOW HITPOINT WARNING * * *
The black mamba closely misses you.
Aiming: Fastroot
Press: ? - help, Shift-Dir - straight line, f/p - black mamba
Aim: a black mamba (lightly wounded)
The roots erupt in riotous growth!
Roots grab the black mamba.
Roots grab the swamp worm. x2
The grasping roots constrict the swamp worm.
The grasping roots constrict the swamp worm!
The grasping roots constrict the black mamba.
The black mamba bites you!
* * * LOW HITPOINT WARNING * * *
The swamp worm bites you.
* * * LOW HITPOINT WARNING * * *
The black mamba bites you!
You die...

#......#
###....##
##....###
##.......###
#...#....#.#
###...###...##
##..####
#....## #...#
##....###
...## ##..wS@#
P..# ###.w##
.#### #.#.#
....## #...#
P....## #.>.#
##....# #...##
#....# #....#
##...## #...##
#....# #...##


You could see a black mamba (rooted) and 2 swamp worms.

Vanquished Creatures
  Snorg (D:10)
  Erolcha (D:10)
  Erica (D:9)
  A two-headed ogre (D:9)
  A manticore (D:11)
  A cyclops (D:11)
  2 komodo dragons (Lair:1)
  3 cane toads (Lair:1)
  Psyche (D:9)
  An unseen horror (D:10)
  2 trolls
  A polar bear (Lair:1)
  A hornet (D:10)
  Sigmund (D:5)
  2 shadows (D:11)
  A wraith (Ossuary)
  A wyvern (D:10)
  Eustachio (D:5)
  27 yaks
  Grum (D:8)
  Menkaure (D:4)
  An acid dragon (D:11)
  4 water moccasins
  Duvessa (D:6)
  5 orc warriors
  An ice beast (D:5)
  3 wolves (D:9)
  3 centaurs
  3 phantoms
  3 bullfrogs
  3 necrophages
  4 gnoll sergeants
  A scorpion (D:4)
  8 wights
  Dowan (D:6)
  17 killer bees
  An electric eel (D:10)
  4 howler monkeys
  7 crimson imps (D:7)
  A quasit (D:7)
  5 orc priests
  3 hounds
  A jelly (D:6)
  A gnoll bouda (D:8)
  3 iguanas
  4 orc wizards
  3 mummies (Ossuary)
  24 gnolls
  7 adders
  6 shadow imps (D:7)
  3 white imps (D:7)
  2 ufetubi (D:7)
  2 dart slugs
  27 orcs
  6 ball pythons
  3 bats (D:3)
  9 endoplasms
  8 goblins
  8 hobgoblins
  4 quokkas
  4 frilled lizards
  2 goblin zombies (Ossuary)
  4 hobgoblin zombies (Ossuary)
  6 kobolds
  2 kobold zombies (Ossuary)
  7 rats
277 creatures vanquished.

Vanquished Creatures (others)
  An orc (D:9)
  5 demonic plants (D:7)
  A fungus (Lair:2)
  2 plants
9 creatures vanquished.

Grand Total: 286 creatures vanquished

Notes
Turn   | Place    | Note
-------+----------+-------------------------------------------
     0 | D:1      | mopl the Merfolk Warper began the quest for the Orb.
     0 | D:1      | Reached XP level 1. HP: 16/16 MP: 3/3
    58 | D:1      | Reached XP level 2. HP: 21/23 MP: 5/5
    69 | D:1      | Learned a level 2 spell: Blink
   347 | D:1      | Reached skill level 3 in Long Blades
   657 | D:2      | Reached XP level 3. HP: 26/28 MP: 6/6
   718 | D:2      | Found a faded altar of an unknown god.
   765 | D:2      | Learned a level 2 spell: Lesser Beckoning
   806 | D:2      | Reached XP level 4. HP: 27/34 MP: 7/7
   855 | D:2      | Learned a level 3 spell: Swiftness
  1287 | D:2      | Reached skill level 3 in Fighting
  1324 | D:2      | Reached skill level 4 in Long Blades
  1463 | D:3      | Reached XP level 5. HP: 32/41 MP: 6/9
  1741 | D:3      | Identified the +1 robe of Space {rElec Slay+3}
  2243 | D:4      | Reached skill level 3 in Translocations
  2485 | D:4      | Reached skill level 5 in Long Blades
  2485 | D:4      | Reached skill level 3 in Spellcasting
  2485 | D:4      | Reached skill level 1 in Air Magic
  2485 | D:4      | Reached XP level 6. HP: 45/47 MP: 10/10
  2723 | D:4      | Identified the +1 ring mail of Tomeutei {rC- Regen+ Int+3
                  | Dex+4}
  2749 | D:4      | Noticed Menkaure
  2902 | D:4      | Found a burning altar of Makhleb.
  2984 | D:4      | Killed Menkaure
  3094 | D:5      | Entered Level 5 of the Dungeon
  3184 | D:5      | Found a runed translucent door.
  3185 | D:5      | Noticed Crazy Yiuf
  3213 | D:5      | Noticed Sigmund
  3254 | D:5      | Killed Sigmund
  3255 | D:5      | Reached skill level 4 in Fighting
  3255 | D:5      | Reached skill level 6 in Long Blades
  3255 | D:5      | Reached XP level 7. HP: 54/54 MP: 10/12
  3378 | D:5      | Learned a level 3 spell: Teleport Other
  3417 | D:5      | Reached skill level 2 in Air Magic
  3430 | D:5      | Noticed Eustachio
  3438 | D:5      | Found a runed translucent door.
  3438 | D:5      | Noticed LowRida's ghost (weakling OgDe)
  3730 | D:5      | Reached XP level 8. HP: 61/61 MP: 13/13
  3734 | D:5      | Learned a level 3 spell: Gell's Gravitas
  3878 | D:5      | Reached skill level 7 in Long Blades
  4148 | D:6      | Found a faded altar of an unknown god.
  4148 | D:6      | Found an ornate altar of the Wu Jian Council.
  4156 | D:6      | Found a faded altar of an unknown god.
  4163 | D:6      | Found an iron altar of Okawaru.
  4165 | D:6      | Found a shadowy altar of Dithmenos.
  4175 | D:6      | Became a worshipper of Warmaster Okawaru
  4201 | D:6      | Found a staircase to the Ecumenical Temple.
  4249 | D:6      | Reached skill level 4 in Spellcasting
  4249 | D:6      | Reached skill level 4 in Translocations
  4416 | D:5      | Reached skill level 1 in Invocations
  4472 | D:5      | Killed Eustachio
  4473 | D:5      | Reached skill level 5 in Fighting
  4561 | D:6      | Noticed Duvessa
  4927 | D:6      | Killed Duvessa
  4928 | D:6      | Reached skill level 8 in Long Blades
  4944 | D:6      | Noticed Dowan
  5058 | D:6      | Reached * piety under Okawaru
  5059 | D:6      | Reached skill level 2 in Invocations
  5194 | D:6      | Killed Dowan
  5231 | D:6      | Reached XP level 9. HP: 47/68 MP: 13/15
  5301 | D:6      | Learned a level 3 spell: Vhi's Electric Charge
  5624 | D:7      | Reached skill level 3 in Air Magic
  5650 | D:7      | Found a shimmering blue altar of Sif Muna.
  5744 | D:7      | Reached skill level 3 in Invocations
  5802 | D:7      | Found a sand-covered staircase.
  5812 | Ossuary  | Entered an ossuary
  6131 | Ossuary  | Reached skill level 9 in Long Blades
  6671 | D:7      | Reached skill level 6 in Fighting
  6677 | D:7      | Reached skill level 5 in Spellcasting
  6756 | D:7      | Reached ** piety under Okawaru
  7066 | D:7      | Reached skill level 5 in Translocations
  7214 | D:7      | Reached skill level 4 in Invocations
  7481 | D:7      | Reached skill level 10 in Long Blades
  7553 | D:7      | Reached XP level 10. HP: 67/77 MP: 17/17
  8171 | D:7      | Reached *** piety under Okawaru
  8582 | D:8      | Reached skill level 7 in Fighting
  8582 | D:8      | Reached skill level 5 in Invocations
  8945 | D:8      | Reached skill level 11 in Long Blades
  8950 | D:8      | Learned a level 4 spell: Manifold Assault
  8971 | D:9      | Noticed Erica
  9298 | D:9      | Noticed a two-headed ogre
  9392 | D:9      | Noticed Psyche
  9530 | D:9      | Killed Psyche
  9531 | D:9      | Reached skill level 1 in Armour
  9531 | D:9      | Reached skill level 3 in Dodging
  9760 | D:9      | Found a blossoming altar of Fedhas.
  9785 | D:9      | Found a hazy altar of Hepliaklqana.
 10031 | D:9      | Found a basalt altar of Yredelemnul.
 10155 | D:9      | Reached **** piety under Okawaru
 10475 | D:9      | Killed a two-headed ogre
 10476 | D:9      | Reached skill level 4 in Dodging
 10476 | D:9      | Reached skill level 6 in Translocations
 10476 | D:9      | Reached XP level 11. HP: 68/84 MP: 14/19
 10524 | D:9      | Killed Erica
 10525 | D:9      | Reached skill level 6 in Spellcasting
 10781 | D:9      | Noticed Grum
 10856 | D:9      | Reached skill level 6 in Invocations
 10877 | D:9      | HP: 4/85 [wolf[Grum] (9)]
 11069 | D:8      | Killed Grum
 11333 | D:10     | Entered Level 10 of the Dungeon
 11421 | D:10     | Found a bloodstained altar of Trog.
 11467 | D:10     | Reached skill level 2 in Armour
 11519 | D:10     | Reached skill level 12 in Long Blades
 11576 | D:10     | Reached ***** piety under Okawaru
 11772 | D:10     | Paralysed by a hornet for 3 turns
 11794 | D:10     | Reached skill level 8 in Fighting
 11800 | D:10     | Reached skill level 5 in Dodging
 12099 | D:11     | Noticed a cyclops
 12107 | D:11     | Killed a cyclops
 12122 | D:11     | Noticed Erolcha
 12124 | D:11     | Noticed Snorg
 12196 | D:10     | Killed Snorg
 12196 | D:10     | Received a gift from Okawaru
 12269 | D:10     | Reached skill level 4 in Air Magic
 12346 | D:11     | Found a staircase to the Lair.
 12365 | D:10     | Killed Erolcha
 12366 | D:10     | Reached XP level 12. HP: 77/94 MP: 16/21
 12416 | D:11     | Reached skill level 3 in Armour
 12416 | D:11     | Reached skill level 6 in Dodging
 12531 | D:11     | Reached skill level 7 in Invocations
 12790 | Lair:1   | Entered Level 1 of the Lair of Beasts
 12848 | Lair:1   | Learned a level 3 spell: Portal Projectile
 12906 | Lair:1   | Reached skill level 13 in Long Blades
 13424 | Lair:2   | Noticed a seven-headed hydra
 13441 | Lair:1   | Slain by a black mamba

Illustrated notes

Levels and vault maps discovered:
D:1:      tarquinn_simple_flora_water_a, layout_loops_ring
D:2:      layout_basic, ebering_ecumenical_altar_abandoned
D:3:      layout_loops_ring, minmay_increasing_density
D:4:      layout_loops_ring, makhleb_blood_cavern_becter,
          kennysheep_opposing_triangles, uniq_menkaure
D:5:      layout_gridville, hellmonk_ghost_happy_afterlife, nrook_loot_triangle,
          minmay_misc_feat_enclosed, uniq_crazy_yiuf_cottage, uniq_eustachio,
          uniq_sigmund
D:6:      layout_rooms, chequers_temple_overflow_minitemple,
          minmay_temple_entry_fiery, st_stairs_12, uniq_duvessa
D:7:      layout_gridville, led_sif_pool, enter_ossuary_1, serial_demonic,
          serial_demonic_e, serial_demonic_b, serial_demonic_a,
          serial_demonic_e, serial_demonic_f, serial_demonic_c,
          serial_demonic_b, serial_demonic_a, minmay_nine_imps
D:8:      layout_rooms
D:9:      nicolae_cairo_tiling_large_dashed, layout_stronghold,
          nicolae_overflow_hidden_temple, chequers_serial_rivers_micro_c,
          serial_park_tiny_1, uniq_erica, uniq_psyche, uniq_grum
D:10:     layout_big_octagon, mainiacjoe_overflow_catwalk,
          minmay_misc_feat_square, minmay_crystal_water
D:11:     layout_rooms, dpeg_oklobed_lair, minivault_23, uniq_erolcha,
          uniq_snorg
Lair:1:   layout_concentric_octagons
Lair:2:   layout_small_grid, palyth_hydra_swamp_entry,
          gammafunk_ghost_hydra_chop, st_stairs_3, infiniplex_staircase_pool_2,
          uniq_maggie

Skill      XL: |  1  2  3  4  5  6  7  8  9 10 11 12 |
---------------+-------------------------------------+-----
Long Blades    | 3 4 5 6 8 10 11 12 13 | 13.1
Fighting       | 3 4 5 6 7 8 |  8.6
Translocations | 3 4 5 6 |  6.8
Spellcasting   | 3 4 5 6 |  6.8
Air Magic      | 1 2 3 4 |  4.4
Invocations    | 2 4 5 6 7 |  7.1
Armour         | 1 2 3 |  3.1
Dodging        | 4 5 6 |  6.4
Throwing       | |  1.0

Action                     |  1- 3 |  4- 6 |  7- 9 | 10-12 || total
---------------------------+-------+-------+-------+-------++-------
  Melee: Falchion          |    96 |   184 |   658 |    82 ||  1020
         Punch             |     1 |     3 |     7 |       ||    11
         Scimitar          |       |       |       |   545 ||   545
         Dagger            |       |       |       |    95 ||    95
         Unarmed           |       |       |       |     6 ||     6
  Throw: Dart              |       |     9 |    11 |    21 ||    41
         Throwing net      |       |     1 |       |       ||     1
         Boomerang         |       |       |     4 |     1 ||     5
   Cast: Lesser Beckoning  |       |     4 |     7 |    10 ||    21
         Gell's Gravitas   |       |       |     5 |     7 ||    12
         Vhi's Electric Ch |       |       |     7 |    24 ||    31
         Blink             |       |       |     3 |    11 ||    14
         Teleport Other    |       |       |     2 |     1 ||     3
         Manifold Assault  |       |       |       |     1 ||     1
 Invoke: Heroism           |       |       |       |     6 ||     6
  Evoke: Wand              |       |       |     4 |     3 ||     7
    Use: Scroll            |       |     8 |     2 |     6 ||    16
         Potion            |       |     1 |     1 |     3 ||     5
   Stab: Sleeping          |       |     2 |       |       ||     2
         Distracted        |       |     1 |       |       ||     1
 Armour: Leather armour    |    20 |    12 |       |       ||    32
         Robe              |       |    19 |   151 |    56 ||   226
         Chain mail        |       |       |    36 |    38 ||    74
         Troll leather arm |       |       |       |    60 ||    60
  Dodge: Dodged            |    60 |   148 |   637 |   431 ||  1276
  Block: Buckler           |       |       |    52 |   328 ||   380
         Reflection        |       |       |       |     5 ||     5

Table legend: (Time is in decaauts)
 A = Elapsed time spent in this place.
 B = Non-inter-level travel time spent in this place.
 C = Inter-level travel time spent in this place.
 D = Time resting spent in this place.
 E = Time spent auto-exploring this place.
 F = Levels seen in this place.
 G = Mean time per level.
                   A        B        C        D        E       F      G
               +--------+--------+--------+--------+--------+-----+--------+
         Total |  13333 |  12856 |    477 |   3370 |   5245 |  14 |  952.4 |
       Dungeon |  12148 |  11683 |    465 |   3173 |   4722 |  11 | 1104.4 |
          Lair |    630 |    618 |     12 |    102 |    350 |   2 |  315.0 |
       Ossuary |    554 |    554 |      0 |     95 |    173 |   1 |  554.0 |
               +--------+--------+--------+--------+--------+-----+--------+

Top non-repeatable levels by time:
     D:7: 2131 daAuts
     D:9: 1643 daAuts
     D:5: 1587 daAuts
     D:8: 1472 daAuts
     D:3: 930 daAuts
     D:4: 921 daAuts
    D:10: 895 daAuts
     D:6: 759 daAuts
     D:2: 667 daAuts
     D:1: 620 daAuts
  Lair:1: 614 daAuts
 Ossuary: 554 daAuts
    D:11: 519 daAuts
  Lair:2: 15 daAuts
